 Dungeon Crawl Stone Soup version 0.31-a0-1071-gaead2f62b1 (webtiles) character file.

Game seed: 9781885848465380277

35 sammy202020 the Trooper (level 3, -4/33 HPs)
             Began as a Minotaur Fighter on Nov 25, 2023.
             Slain by a gnoll
             ... wielding a +0 spear
              (7 damage)
             ... on level 2 of the Dungeon.
             The game lasted 00:01:20 (1049 turns).

sammy202020 the Trooper (Minotaur Fighter)          Turns: 1049, Time: 00:01:21

Health: -4/33      AC: 10    Str: 20    XL:     3   Next: 17%
Magic:  2/2        EV:  8    Int:  7    God:
Gold:   104        SH:  4    Dex:  9    Spells: 2/2 levels left

rFire   . . .        a - +0 war axe
rCold   . . .        c - +0 buckler
rNeg    . . .        l - +0 chain mail
rPois   .            (helmet restricted)
rElec   .            h - +0 cloak
rCorr   .            (no gloves)
SInv    .            (no boots)
Will    .....        (no amulet) Stlth
                     (no ring)
HPRegen 0.25/turn    (no ring)
MPRegen 0.08/turn

%: no passive effects
@: mighty
A: horns 2, retaliatory headbutt
a: no special abilities


You were on level 2 of the Dungeon.
You visited 1 branch of the dungeon, and saw 2 of its levels.

You collected 104 gold pieces.

Inventory:

Hand Weapons
 a - a +0 war axe (weapon)
 i - a +0 mace
Missiles
 f - 8 boomerangs
Armour
 c - a +0 buckler (worn)
 h - a +0 cloak (worn)
 l - a +0 chain mail (worn)
Scrolls
 b - a scroll of enchant weapon {unknown}
 e - 2 scrolls of vulnerability
 k - 2 scrolls of teleportation
Potions
 g - a potion of mutation {unknown}
 j - a potion of cancellation


   Skills:
 * Level 4.0 Fighting
 * Level 3.0 Axes
 * Level 4.0 Armour
 + Level 0.8 Dodging
 * Level 4.0 Shields


You had 2 spell levels left.
You didn't know any spells.
Your spell library was empty.

Dungeon Overview and Level Annotations

Branches:
Dungeon (2/15)

Altars:

Shops:
D:1 (


Innate Abilities, Weirdness & Mutations

You have a pair of horns on your head.
You reflexively headbutt those who attack you in melee.


Message History

The gnoll hits you but does no damage.
You are too injured to fight recklessly!
You are too injured to fight recklessly!
You are too injured to fight recklessly!
You are too injured to fight recklessly!
You are too injured to fight recklessly!
You are too injured to fight recklessly!
You are too injured to fight recklessly!
You are too injured to fight recklessly!
You are too injured to fight recklessly!
You are too injured to fight recklessly!
You are too injured to fight recklessly!
You are too injured to fight recklessly!
You are too injured to fight recklessly!
You are too injured to fight recklessly!
You are too injured to fight recklessly!
You are too injured to fight recklessly!
You are too injured to fight recklessly!
You are too injured to fight recklessly!
You are too injured to fight recklessly!
You are too injured to fight recklessly!
Unknown command.
You are too injured to fight recklessly!
You slash the gnoll!
You kill the gnoll!
You closely miss the gnoll. You block the gnoll's attack.
The gnoll hits you with a +2 whip of electrocution.
You are electrocuted!
* * * LOW HITPOINT WARNING * * *
The gnoll closely misses you. You furiously retaliate!
You headbutt the gnoll!
Your Axes skill increases to level 3!
You have reached level 3!
Your experience leads to an increase in your attributes!
Increase (S)trength, (I)ntelligence, or (D)exterity?
You feel clever. x2
Sorry, you're not good enough to have a special ability.
Unknown command.
You feel very mighty all of a sudden. The gnoll hits you with a +0 spear!
You die...

...#≈.≈§≈.≈#.#
##.+.≈.≈.≈.'.#
##≈.≈.≈.≈###
#§..≈..≈# #≈≈≈.≈≈≈#
## ####'#### . #..#
. #.## . #@# #
#.gg# # ....... #
#..<$...# ##
#.......#
.#########.........
#.................#
##....)####%......#
#.####.#


You could see 2 gnolls.

Vanquished Creatures
  A gnoll (D:2)
  2 dart slugs
  An endoplasm (D:2)
  A giant cockroach (D:2)
  2 goblins (D:1)
  3 hobgoblins
  A quokka (D:1)
  4 ball pythons
  A bat (D:2)
  5 kobolds
  2 rats
23 creatures vanquished.

Notes
Turn   | Place    | Note
-------+----------+-------------------------------------------
     0 | D:1      | sammy202020 the Minotaur Fighter began the quest for the
                  | Orb.
     0 | D:1      | Reached XP level 1. HP: 19/19 MP: 0/0
    56 | D:1      | Found a faded altar of an unknown god.
   188 | D:1      | Reached XP level 2. HP: 23/27 MP: 1/1
   365 | D:1      | Found Nek Jic's Weapon Boutique.
  1049 | D:2      | Reached XP level 3. HP: 3/33 MP: 2/2
  1049 | D:2      | Slain by a gnoll

Illustrated notes

Levels and vault maps discovered:
D:1:      sevenhm_arrival_forest_fort_small_4, layout_loops_ring,
          chequers_ecumenical_altar_simple_redux, serial_shops,
          nicolae_shop_bloodbath_and_beyond, amcnicky_mini_pool_small,
          minmay_pentomino_p2
D:2:      layout_loops_ring, kennysheep_generic_room_10

Skill      XL: |  1  2 |
---------------+-------+-----
Fighting       | 4 |  4.0
Shields        | 4 |  4.0
Armour         | 4 |  4.0
Axes           | 3 |  3.0
Dodging        | |  0.8

Action                     || total
---------------------------++-------
  Melee: War axe           ||    48
         Headbutt          ||     5
    Use: Scroll            ||     5
         Potion            ||     1
 Armour: Scale mail        ||    28
         Chain mail        ||     9
  Dodge: Dodged            ||    21
  Block: Buckler           ||    14

Table legend: (Time is in decaauts)
 A = Elapsed time spent in this place.
 B = Non-inter-level travel time spent in this place.
 C = Inter-level travel time spent in this place.
 D = Time resting spent in this place.
 E = Time spent auto-exploring this place.
 F = Levels seen in this place.
 G = Mean time per level.
                   A        B        C        D        E       F      G
               +--------+--------+--------+--------+--------+-----+--------+
         Total |   1072 |   1033 |     39 |      0 |    801 |   2 |  536.0 |
       Dungeon |   1072 |   1033 |     39 |      0 |    801 |   2 |  536.0 |
               +--------+--------+--------+--------+--------+-----+--------+

Top non-repeatable levels by time:
     D:1: 612 daAuts
     D:2: 460 daAuts
